 Dungeon Sprint DCSS version 0.29.1-2-gbd0b4ee654 (webtiles) character file.

Game seed: 1188499029277639305

16198 boopmooplesden the Slayer (level 12, -12/139 HPs)
             Began as a Minotaur Berserker on Nov 27, 2022.
             Was a High Priest of Trog.
             Mangled by a frost giant
             ... wielding a +2 battleaxe of freezing
              (25 damage)
             ... in the Dungeon (Sprint II: "The Violet Keep of Menkaure").
             The game lasted 00:07:13 (2294 turns).

boopmooplesden the Slayer (Minotaur Berserker)      Turns: 2294, Time: 00:07:13

Health: -12/139    AC: 14    Str: 24    XL:     12   Next: 7%
Magic:  11/11      EV: 21    Int:  7    God:    Trog [*****.]
Gold:   264        SH:  0    Dex: 17    Spells: 11/11 levels left

rFire   + + +      SeeInvis .   n - +7 halberd (vorpal)
rCold   + + .      Faith    .   (shield currently unavailable)
rNeg    . . .      Spirit   .   l - +1 leather armour "Lutogorr" {rF+ Int+3 Dex+6}
rPois   +          Reflect  .   k - +1 hat
rElec   +          Harm     .   B - +0 cloak
rCorr   +          Rampage  +   (no gloves)
Will    ++...      NoTele   +   m - +1 pair of boots {rampage}
Stlth   +++.......              (no amulet)
HPRegen 1.33/turn               t - ring of protection from cold
MPRegen 0.12/turn               b - ring "Ageluh" {Drain Fly rF+++ AC+4}

@: resistant, strong-willed, on berserk cooldown, flying, regenerating, hasted
and slowed
A: horns 2, retaliatory headbutt, weak 1
a: Renounce Religion, Berserk, Trog's Hand, Brothers in Arms


You were in the Dungeon.
You worshipped Trog.
Trog was extremely pleased with you.
You visited 1 branch You collected 1742 gold pieces.
You spent 1478 gold pieces at shops.

Inventory:

Hand Weapons
 a - a +0 spear
 d - a +7 vorpal triple sword
 i - a +0 trident of protection
 j - a +5 spear of venom
 n - a +7 vorpal halberd (weapon)
Armour
 k - a +1 hat (worn)
 l - the +1 leather armour "Lutogorr" (worn) {rF+ Int+3 Dex+6}
   (You bought it in a shop in the Dungeon)

   Int:       It affects your intelligence (+3).
   Dex:       It affects your dexterity (+6).
   rF:        It protects you from fire.
 m - a +1 pair of boots of rampaging (worn)
 B - a +0 cloak (worn)
Jewellery
 b - the ring "Ageluh" (right hand) {Drain Fly rF+++ AC+4}
   (You bought it in a shop in the Dungeon)

   [ring of protection]

   AC:        It affects your AC (+4).
   rF:        It renders you almost immune to fire.
   Fly:       It grants you flight.
   Drain:     It drains your maximum health when unequipped.
 t - a ring of protection from cold (left hand)
 D - a ring of flight
Scrolls
 o - a scroll of immolation
 p - a scroll of butterflies
 C - a scroll of blinking
Potions
 c - 2 potions of curing
 f - 5 potions of magic
 g - a potion of berserk rage
 u - 3 potions of flight
 w - a potion of brilliance {unknown}
 x - a potion of attraction {unknown}
 z - a potion of degeneration {unknown}
 A - a potion of lignification
 E - 2 potions of resistance


   Skills:
 + Level 22.5 Fighting
 + Level 20.4 Polearms
 + Level 11.2 Armour
 + Level 15.4 Dodging
 + Level 5.4 Stealth


You had 11 spell levels left.
You didn't know any spells.
Your spell library was empty.

Dungeon Overview and Level Annotations

Branches:
Dungeon (1/1)

Altars:
Cheibriados
Dithmenos
Elyvilon
Fedhas
Gozag
Hepliaklqana
Kikubaaqudgha
Makhleb
Nemelex Xobeh
Okawaru
Qazlal
Ru
Sif Muna
Trog
Uskayaw
Vehumet
Wu Jian
Xom
Yredelemnul
Zin
The Shining One
Jiyva
Lugonu

Shops:
D :=[!=:(!=[[==(?

Annotations:
D exclusions: obsidian statue and oklob plant, Roxanne


Innate Abilities, Weirdness & Mutations

You have a pair of horns on your head.
You reflexively headbutt those who attack you in melee.
You are weak. (Str -2)


Message History

Your two-headed ogre hits the bone dragon with a +0 giant spiked club!!!
Your two-headed ogre hits the bone dragon with a +0 giant club!!
The bone dragon bites your two-headed ogre.
The bone dragon claws your two-headed ogre!!
The bone dragon tramples your two-headed ogre!
Your two-headed ogre stumbles backwards!
Your two-headed ogre hits the bone dragon with a +0 giant spiked club.
Your two-headed ogre barely misses the bone dragon.
The bone dragon bites your two-headed ogre.
The bone dragon claws your two-headed ogre!
Your two-headed ogre dies!
Your two-headed ogre's corpse disappears in a puff of smoke!
You hit the bone dragon but do no damage.
The bone dragon is almost destroyed.
The bone dragon bites you!
* * * LOW HITPOINT WARNING * * *
The bone dragon claws you but does no damage.
The bone dragon tramples you but does no damage.
You stick the bone dragon like a pincushion!!!
You destroy the bone dragon!
Trog accepts your kill.
The frost giant hits you with a +2 battleaxe of freezing.
* * * LOW HITPOINT WARNING * * *
The frost giant hits your cyclops with a +2 battleaxe of freezing!!
The frost giant freezes your cyclops!
Your cyclops dies!
Your cyclops's corpse disappears in a puff of smoke!
Your Dodging skill increases to level 15!
You have reached level 12!
You feel agile.
You slash the frost giant! You headbutt the frost giant.
The frost giant is lightly wounded.
You barely miss the frost giant. You headbutt the frost giant.
The frost giant is lightly wounded.
The frost giant casts a spell at you. The bolt of cold hits you! You resist.
* * * LOW HITPOINT WARNING * * *
You feel better.
The frost giant hits you with a +2 battleaxe of freezing!!
You die...

*****####,,+≈≈○○≈8°≈§°≈#
*,D.##...####≈≈≈≈°≈○≈≈#*
*,........C~##○○≈○≈°§#*,
############~~#+++#+++##*
###########~[~.........#,
##....∩.∩.#~~~~.##)##..#,
##...∩.∩..#~~~~##.#)##.##
##..∩.∩...#~~~~#.)#..#,..
##.⌠.∩..@.#~~#####÷#####.
##..∩.∩C..#~##.###'###.##
##...∩.§§.#~#...##.##.#.#
##....∩.∩.'~'.#.).<.'.##'
##.....∩.∩#†#...##.##..##
#▓▓▓▓▓▓▓###~##†###'###.##
##$ZD######~~####...####~
#((Z#G,+,##~~~#..#..#~~~
#∩P$+.,*+*#'#~##.#.##~~~


You could see a frost giant, an ice dragon, a spectral ball python and a
spectral adder.

Vanquished Creatures
  A golden dragon (D)
  A bone dragon (D)
  A kraken (D)
  Kirke (D)
  A sphinx (D)
  A storm dragon (D)
  A cacodemon (D)
  A yaktaur captain (D)
  A deep elf high priest (D)
  A centaur warrior (D)
  A skeletal warrior (D)
  2 deep trolls (D)
  An elephant (D)
  A merfolk siren (D)
  A kobold demonologist (D)
  A yaktaur (D)
  3 polar bears (D)
  A hornet (D)
  4 neqoxecs (D)
  2 redbacks (D)
  4 water moccasins (D)
  4 necrophages (D)
  5 scorpions (D)
  4 tentacles (D)
44 creatures vanquished.

Vanquished Creatures (collateral kills)
  A sphinx (D)
1 creature vanquished.

Vanquished Creatures (others)
  Menkaure (D)
  A water moccasin (D)
  11 tentacles (D)
13 creatures vanquished.

Grand Total: 58 creatures vanquished

Notes
Turn   | Place    | Note
-------+----------+-------------------------------------------
     0 | D        | boopmooplesden the Minotaur Berserker began the quest for
                  | the Orb.
     0 | D        | Reached XP level 1. HP: 19/19 MP: 0/0
     1 | D        | Noticed a neqoxec
     1 | D        | Noticed a neqoxec
     1 | D        | Noticed a neqoxec
     1 | D        | Noticed a neqoxec
     2 | D        | Gained mutation: You are weak. (Str -2) [a neqoxec]
     9 | D        | Killed a neqoxec
    10 | D        | Reached skill level 8 in Fighting
    10 | D        | Reached XP level 2. HP: 25/35 MP: 1/1
    10 | D        | Reached XP level 3. HP: 29/40 MP: 2/2
    10 | D        | Reached XP level 4. HP: 34/48 MP: 3/3
    14 | D        | Killed a neqoxec
    15 | D        | Reached skill level 9 in Fighting
    15 | D        | Reached skill level 10 in Polearms
    15 | D        | Reached skill level 5 in Armour
    15 | D        | Reached skill level 5 in Dodging
    15 | D        | Reached XP level 5. HP: 36/58 MP: 4/4
    18 | D        | Killed a neqoxec
    18 | D        | Reached ** piety under Trog
    19 | D        | Reached skill level 11 in Fighting
    19 | D        | Reached XP level 6. HP: 43/68 MP: 5/5
    29 | D        | Killed a neqoxec
    65 | D        | Killed Menkaure
   262 | D        | Reached XP level 7. HP: 75/75 MP: 6/6
   265 | D        | Reached skill level 12 in Fighting
   267 | D        | Reached *** piety under Trog
   314 | D        | Reached **** piety under Trog
   320 | D        | Reached skill level 13 in Fighting
   320 | D        | Reached skill level 1 in Stealth
   567 | D        | Noticed a merfolk siren
   586 | D        | Killed a merfolk siren
   587 | D        | Reached XP level 8. HP: 64/88 MP: 7/7
   594 | D        | Found Irhyferemu's Jewellery Boutique.
   594 | D        | Found Juatuxze's Distillery.
   594 | D        | Found Vuhiuc's Antique Armour Shop.
   594 | D        | Found Onud's Jewellery Shop.
   594 | D        | Found Bocon's Weapon Boutique.
   595 | D        | Found Ogugien's Magic Scroll Shop.
   595 | D        | Found Agirghet's Jewellery Boutique.
   596 | D        | Found Geodaon's Book Boutique.
   596 | D        | Found Ryemaodd's Jewellery Shop.
   596 | D        | Found Nohaa's Distillery.
   597 | D        | Found Imosmow's Antique Weapon Boutique.
   597 | D        | Found Xytol's Armour Shop.
   597 | D        | Found Tuneg's Antique Armour Shop.
   597 | D        | Found Eschyefeu's Jewellery Boutique.
   597 | D        | Noticed an ice dragon
   606 | D        | Reached ***** piety under Trog
   607 | D        | Reached skill level 14 in Fighting
   628 | D        | Noticed an oklob plant
   629 | D        | Found Filu Kiama's Book Shoppe.
   635 | D        | Bought a runed spear for 108 gold pieces
   638 | D        | Bought a +1 hat for 143 gold pieces
   645 | D        | Noticed a shining eye
   647 | D        | Bought a smelly leather armour for 161 gold pieces
   647 | D        | Identified the +1 leather armour "Lutogorr" {rF+ Int+3
                  | Dex+6} (You bought it in a shop in the Dungeon)
   662 | D        | Bought a pair of glowing boots for 247 gold pieces
   699 | D        | Found a glowing silver altar of Zin.
   700 | D        | Found a glowing golden altar of the Shining One.
   700 | D        | Found a basalt altar of Yredelemnul.
   700 | D        | Found a hide-covered altar of Uskayaw.
   701 | D        | Found a shimmering altar of Xom.
   701 | D        | Found a bloodstained altar of Trog.
   702 | D        | Found an ornate altar of the Wu Jian Council.
   702 | D        | Found a shimmering blue altar of Sif Muna.
   702 | D        | Found a corrupted altar of Lugonu.
   702 | D        | Found a radiant altar of Vehumet.
   702 | D        | Found a burning altar of Makhleb.
   703 | D        | Found a sacrificial altar of Ru.
   703 | D        | Found an ancient bone altar of Kikubaaqudgha.
   703 | D        | Found a white marble altar of Elyvilon.
   704 | D        | Found a stormy altar of Qazlal.
   704 | D        | Found a viscous altar of Jiyva.
   704 | D        | Found a shadowy altar of Dithmenos.
   705 | D        | Found a hazy altar of Hepliaklqana.
   705 | D        | Found a snail-covered altar of Cheibriados.
   707 | D        | Noticed a yaktaur
   707 | D        | Noticed a hornet
   707 | D        | Noticed a polar bear
   707 | D        | Noticed a polar bear
   711 | D        | Killed a polar bear
   712 | D        | Reached skill level 15 in Polearms
   712 | D        | Noticed a polar bear
   717 | D        | Killed a polar bear
   719 | D        | Killed a hornet
   720 | D        | Reached skill level 15 in Fighting
   720 | D        | Reached XP level 9. HP: 97/97 MP: 8/8
   724 | D        | Killed a polar bear
   734 | D        | Killed a yaktaur
   734 | D        | Received a gift from Trog
   862 | D        | Noticed a kraken
   872 | D        | Reached skill level 16 in Fighting
   884 | D        | HP: 3/100 [tentacle[a kraken] (13)]
  1287 | D        | Killed a kraken
  1288 | D        | Reached skill level 17 in Fighting
  1288 | D        | Reached skill level 10 in Dodging
  1291 | D        | Found a blossoming altar of Fedhas.
  1295 | D        | Reached XP level 10. HP: 86/111 MP: 9/9
  1295 | D        | Found an opulent altar of Gozag.
  1370 | D        | Noticed a deep troll
  1371 | D        | Noticed a deep troll
  1376 | D        | Killed a deep troll
  1379 | D        | Killed a deep troll
  1380 | D        | Reached skill level 18 in Fighting
  1555 | D        | Noticed a sphinx
  1555 | D        | Noticed a sphinx
  1564 | D        | Killed a sphinx
  1566 | D        | Killed a sphinx
  1567 | D        | Reached skill level 19 in Fighting
  1598 | D        | Found a sparkling altar of Nemelex Xobeh.
  1599 | D        | Found an iron altar of Okawaru.
  1829 | D        | Identified Roxanne's Precepts of Transmutation
  1829 | D        | Noticed Roxanne
  1868 | D        | Bought the ring "Ageluh" {Drain Fly rF+++ AC+4} for 819
                  | gold pieces
  1953 | D        | Noticed an obsidian statue
  1956 | D        | Noticed Kirke
  1956 | D        | Noticed a yaktaur captain
  1972 | D        | Killed a yaktaur captain
  1979 | D        | Killed Kirke
  1980 | D        | Reached skill level 20 in Fighting
  1980 | D        | Reached skill level 10 in Armour
  1980 | D        | Reached XP level 11. HP: 124/124 MP: 10/10
  1980 | D        | Reached ****** piety under Trog
  1983 | D        | Noticed a centaur warrior
  1992 | D        | Received a gift from Trog
  1998 | D        | Killed a centaur warrior
  2083 | D        | Noticed a skeletal warrior
  2090 | D        | Killed a skeletal warrior
  2241 | D        | Noticed a golden dragon
  2242 | D        | Noticed a bone dragon
  2242 | D        | Noticed a storm dragon
  2242 | D        | Noticed a deep elf high priest
  2242 | D        | Noticed a cacodemon
  2258 | D        | Killed a storm dragon
  2259 | D        | Reached skill level 21 in Fighting
  2262 | D        | Killed a golden dragon
  2264 | D        | Killed a deep elf high priest
  2265 | D        | Reached skill level 5 in Stealth
  2266 | D        | Noticed a frost giant
  2271 | D        | Killed a cacodemon
  2272 | D        | Reached skill level 22 in Fighting
  2291 | D        | Killed a bone dragon
  2292 | D        | Reached skill level 15 in Dodging
  2292 | D        | Reached XP level 12. HP: 19/139 MP: 11/11
  2293 | D        | HP: 6/139 [frost giant/bolt of cold (15)]
  2294 | D        | Mangled by a frost giant

Illustrated notes

Levels and vault maps discovered:
D:        the_violet_keep_of_menkaure [sprint2_stairs_cluster_1,
          sprint2_shoproom, sprint2_temple, sprint2_basic_supplies,
          sprint2_obstacle_6, sprint2_obstacle_7, sprint2_obstacle_3,
          sprint2_obstacle_2, sprint2_obstacle_4, sprint2_timed_cluster_1,
          sprint2_smallroom_cluster_1, sprint2_smallroom_final_cluster_1,
          sprint2_transparent_cluster_1, sprint2_second_timed_cluster_1,
          sprint2_sniper_area_1, sprint2_heavy_combat_area_1,
          sprint2_mutation_trap_area_1, sprint2_forest_area_1,
          sprint2_light_combat_area_1, sprint2_behind_water_1,
          sprint2_near_end_vault_1]

Skill      XL: |  1  2  3  4  5  6  7  8  9 10 11 |
---------------+----------------------------------+-----
Fighting       | 8 9 11 13 15 17 20 22 | 22.5
Polearms       | 8 10 11 12 14 15 17 18 20 | 20.4
Armour         | 4 5 6 7 8 10 11 | 11.2
Dodging        | 4 5 6 7 8 10 12 15 | 15.4
Stealth        | 1 2 3 5 |  5.4

Action                   |  1- 3 |  4- 6 |  7- 9 | 10-12 || total
-------------------------+-------+-------+-------+-------++-------
Melee: Spear             |     7 |    22 |    69 |       ||    98
       Headbutt          |     2 |     6 |    22 |    17 ||    47
       Punch             |       |       |     2 |       ||     2
       Trident           |       |       |     4 |       ||     4
       Halberd           |       |       |    20 |    61 ||    81
Invok: Berserk           |     1 |     1 |     2 |     4 ||     8
       Brothers in Arms  |       |       |       |     3 ||     3
       Trog's Hand       |       |       |       |     1 ||     1
  Use: Scroll            |       |       |    10 |     3 ||    13
       Potion            |       |       |       |     4 ||     4
 Stab: Distracted        |       |       |       |     1 ||     1
Armor: Leather armour    |       |       |    15 |    29 ||    44
       Animal skin       |       |       |     1 |       ||     1
Dodge: Dodged            |     1 |     2 |    35 |    55 ||    93
